[Event "1000GM Summer GM-I 2024"]
[Site "San Jose"]
[Date "2024.07.05"]
[Round "3.1"]
[White "Levine, Joseph"]
[Black "Sivakumar, Shaashwath"]
[Result "1-0"]
[ECO "B10"]
[WhiteElo "2364"]
[BlackElo "2288"]
[Annotator "TA"]
[PlyCount "131"]
[EventDate "2024.07.03"]
[EventType "tourn"]
[EventCountry "USA"]
[SourceTitle "playchess.com"]
[Source "ChessBase"]
[SourceQuality "1"]
[TimeControl "5400+30"]

1. e4 c6 2. Nf3 d5 3. d3 dxe4 4. dxe4 Qxd1+ 5. Kxd1 Nf6 6. Nbd2 {[%emt 0:00:06] B10: Caro-Kann: 2 d3 and 2 c4.} g6 7. Ne5 Bh6 8. f3 Be6 9. a4 $146 ({Predecessor:} 9. Bc4 Bxc4 10. Ndxc4 Bxc1 11. Kxc1 Nbd7 12. Rd1 b5 13. Nxd7 Nxd7 14. Na5 Rc8 15. a4 {1-0 Abasov,N (2646)-Bluebaum,M (2651) AUT-chT 2223 2022 (6.1)}) 9... Nfd7 10. Nd3 Na6 11. g3 O-O-O 12. Nf4 Nc7 13. Be2 Bxf4 14. gxf4 Bh3 ({Better is} 14... f5 $15) 15. Ke1 $11 Ne6 16. Nb3 Nf6 17. Be3 Kb8 18. Nc5 $1 Nd4 19. Rc1 Bg2 20. Bxd4 $1 Rxd4 21. Rg1 Bh3 22. c3 (22. Kf2 {keeps more tension.} Rhd8 23. Ke3 Nh5 24. a5) 22... Rdd8 23. Nd3 Be6 24. Kf2 Nh5 25. Ke3 f6 26. Rce1 b6 27. a5 Kb7 28. Ra1 Rd7 (28... Bf7 $14) 29. Ra4 c5 30. axb6 axb6 31. Rga1 Rhd8 (31... Rb8 $16) 32. b4 $1 $18 c4 33. Ra7+ (33. Nb2 $1 $18 {and White stays clearly on top.}) 33... Kb8 $16 34. Ra8+ Kb7 35. R8a7+ Kb8 $1 36. Ra8+ Kb7 37. R1a7+ Kc6 38. Nb2 (38. Ne1 $1 $16) 38... Rxa7 (38... b5 $11) 39. Rxa7 $16 (39. Rxd8 b5 40. Rh8 Bh3 $17) 39... Rd7 40. Rxd7 Kxd7 41. Bxc4 ({Resist} 41. Nxc4 $6 Bxc4 42. Bxc4 e5 $14) 41... Bxc4 42. Nxc4 Kc6 43. Na3 Ng7 (43... g5 {was necessary.}) 44. c4 $18 Ne8 45. Nb5 Ng7 46. Nc3 e6 47. Ne2 Ne8 48. Nd4+ Kd6 49. c5+ bxc5 50. bxc5+ Kxc5 51. Nxe6+ Kd6 52. Nf8 Nc7 53. Nxh7 Ke7 54. h3 Ne8 55. e5 f5 {[%emt 0:00:03] [#]} 56. Nf6 $2 (56. h4 $1 $18) 56... Nxf6 $11 57. exf6+ Kxf6 58. Kd4 (58. Ke2 $5 Ke6 $8 59. Kf2 $11) 58... Kg7 $2 (58... Ke6 $11 59. Kc5 Ke7 60. Kd5 Kf7 61. Ke5 Ke7 62. h4 Kf7 63. h5 gxh5) 59. Ke5 Kf7 60. Kd6 Kf6 61. h4 Kf7 62. Kd7 Kf6 {[%emt 0:01:07] [#]} 63. Ke8 $1 Kg7 64. Ke7 Kh7 65. Kf7 Kh6 {[%emt 0:00:06] [#]} 66. Kg8 $1 1-0

[Event "1000GM Summer GM-I 2024"]
[Site "San Jose"]
[Date "2024.07.05"]
[Round "3.2"]
[White "Sivakumar, Shaaketh"]
[Black "Shivakumar, Shawnak"]
[Result "1/2-1/2"]
[ECO "D02"]
[WhiteElo "2369"]
[BlackElo "2315"]
[Annotator "TA"]
[PlyCount "215"]
[EventDate "2024.07.03"]
[EventType "tourn"]
[EventCountry "USA"]
[SourceTitle "playchess.com"]
[Source "ChessBase"]
[SourceQuality "1"]
[TimeControl "5400+30"]

1. Nf3 d5 2. d4 c5 3. c3 Nf6 4. Bf4 Nc6 5. e3 Qb6 6. Qb3 c4 7. Qc2 Bf5 8. Qc1 (8. Qxf5 $2 Qxb2 9. Be2 e6 $19 (9... Qxa1 10. Qc2 $16)) 8... Nh5 9. Bg3 Nxg3 10. hxg3 g6 11. Nbd2 Bg7 12. Nh4 Bg4 (12... Bd7 $15) 13. e4 $14 e6 14. f3 g5 $1 15. fxg4 {[%emt 0:02:26][%cal Oe4d5] aiming for exd5!} gxh4 16. gxh4 Qc7 (16... O-O $1 $11) 17. Rh3 b5 18. Rf3 (18. exd5 $16 exd5 19. Be2) 18... Qh2 19. g3 O-O 20. Be2 {[%emt 0:02:52] Black must now prevent exd5.} dxe4 (20... e5 $5 21. Nf1 (21. exd5 Nxd4 22. cxd4 exd4 $17) 21... Qh1 22. exd5 exd4 23. dxc6 Rae8 $11) 21. Nf1 Qg1 22. Rf2 ({White should try} 22. Qe3 $11 Qxe3 23. Rxe3) 22... Rad8 $1 $17 23. h5 (23. Rh2 $142) 23... h6 $40 {[%emt 0:02:15][%cal Oc6d4][%mdl 128] Black attacks with force.} 24. g5 {[%emt 0:01:59] [#]} e3 $2 25. Qxe3 $15 {[%emt 0:01:18] [#]} Nxd4 $1 26. cxd4 Bxd4 27. Qf3 Bb6 (27... Qxf2+ 28. Qxf2 Bxf2+ 29. Kxf2 $11) (27... hxg5 $2 28. Rg2 Qh1 29. O-O-O $18) 28. b4 {[%emt 0:02:28] Dodges Ba5} (28. Rc1 $1 $15) 28... cxb3 (28... Bxf2+ $6 29. Qxf2 Qxf2+ 30. Kxf2 $11) (28... hxg5 $17 29. a4 a6 (29... Qxf2+ 30. Qxf2 Bxf2+ 31. Kxf2 $11)) 29. axb3 Bc5 $1 30. Bxb5 $2 (30. Bd1 $1 $11 {and White stays safe.}) 30... Rd5 $1 $19 {[%emt 0:02:11] Strongly threatening ...Rf5.} 31. Raa2 (31. gxh6 $142 Bxf2+ (31... Qxf2+ 32. Qxf2 Bxf2+ 33. Kxf2 $19) 32. Qxf2 Qxf2+ 33. Kxf2 Rxb5 34. Rxa7) 31... Bxf2+ 32. Rxf2 Rxb5 33. gxh6 {[%emt 0:00:21] Qg4+ would kill now.} Re5+ 34. Kd2 $2 (34. Re2 Qd4 35. Ne3) 34... f5 35. Kc3 Re4 36. Kb2 Rc8 37. Ka3 Kh7 38. Kb2 Kxh6 39. Ka3 Kh7 40. h6 Kxh6 41. g4 Rxg4 (41... fxg4 $2 {loses.} 42. Qf6+ (42. Qxe4 Qxf2 43. Qxe6+ Kg5 $17) 42... Kh5 43. Rh2+ $18) (41... Qxg4 42. Qh1+ Kg6 43. Rg2 $18) 42. Qe3+ Kg7 (42... Kh7 $142 43. Rh2+ Kg7 44. Qxe6 Qc5+ 45. Ka2 Rg6 46. Qd7+ Kf8 (46... Kf6 $2 47. Re2 $19) 47. Rh8+ Rg8 48. Rxg8+ Kxg8 49. Qe6+ Kg7) 43. Qe5+ Kf7 44. Rxf5+ exf5 45. Qxf5+ Kg7 46. Qd7+ Kh6 47. Qxc8 $17 {[%emt 0:00:41][%mdl 4096] Endgame. KQR-KQN} Qd4 {[%emt 0:00:32][%cal Rd4a1] Prevents Qh8+} 48. Qc1+ Rg5 {[%emt 0:00:38] And now ...Kh5 would win.} 49. Qc6+ Rg6 50. Qh1+ Kg7 51. Qb7+ Kh6 52. Qh1+ Kg7 53. Qb7+ Kf8 54. Qc8+ Ke7 55. Qc7+ Ke6 56. Qc8+ (56. Qc6+ {was the only chance.} Kf7 57. Qc7+ Kf6 58. Qc6+ Kg7 59. Qb7+) 56... Qd7 (56... Ke5 $142 {( -> ...Qa1+)} 57. Qc7+ Rd6 (57... Qd6+ 58. Qxd6+ Kxd6 59. Ne3 $17) 58. Qg7+ Rf6 59. Qg5+ Kd6) 57. Qc4+ Qd5 {[%emt 0:00:32] Threatens to win with ...Qxc4.} 58. Qc8+ Qd7 59. Qc4+ Qd5 60. Qc8+ Kf7 61. Qc7+ Ke8 62. Qb8+ Qd8 $1 63. Qb5+ Qd7 64. Qb8+ Kf7 65. Qf4+ Kg8 66. Qc4+ Kh7 67. b4 Qh3+ (67... Rd6 $19 68. Qe4+ Kg8) 68. Ka4 Qd7+ (68... Qf5 $17 69. Ne3 Qe5) 69. Ka3 $1 $19 Qe7 {[%emt 0:00:38] Repels Qe4} (69... Rd6 $1 $19 {[%cal Rd6d4] Hoping for ...Rd4.} 70. Qe4+ Kg8) 70. Ka4 Qe5 (70... Kg7 $142 71. Qd4+ Kf7) 71. Kb3 (71. Qd3 $17 {keeps fighting.}) 71... Kg7 72. Qc3 Qxc3+ 73. Kxc3 {[%emt 0:00:04] KR-KN} Kf6 {[%emt 0:00:17] ...Ke5 would now be deadly.} 74. Kc4 Ke5 75. Ne3 {[%emt 0:00:14] Inhibits Rg4+.} Ke4 76. Nd1 $2 (76. Nc2 $19) 76... Rc6+ $1 77. Kb3 Kd4 78. Nb2 Rh6 79. Ka4 Rh5 80. Kb3 Rf5 81. Ka4 Re5 82. b5 Re2 83. Kb3 {[%emt 0:00:02] [#]} Re3+ $2 (83... Re1 $1 {mates} 84. Na4 Rb1+ 85. Kc2 Rxb5 86. Kc1 a5 87. Kc2 Rb4 88. Nb2 a4 89. Nd3 Rb5 90. Ne1 a3 91. Kd2 Rb2+ 92. Nc2+ Kc4 93. Kc1 Kb3 94. Nxa3 Kxa3 95. Kd1 Kb4 96. Kc1 Kc3 97. Kd1 Kd3 98. Ke1 Rd2 99. Kf1 Ke3 100. Ke1 Rd8 101. Kf1 Rg8 102. Ke1 Rg1#) 84. Kb4 $17 Re1 85. Na4 {[%emt 0:00:54] [#]} Rb1+ ({Black should play} 85... Re5 $1 $17 86. Nc3 Kd3) 86. Ka5 $15 Ra1 87. Kb4 Rb1+ 88. Ka5 Kc4 (88... Ke5 $5 89. b6 $8 axb6+ (89... Rxb6 90. Nxb6 axb6+ 91. Kxb6 $11) 90. Nxb6 Kd4 $11) 89. b6 axb6+ 90. Nxb6+ Kc5 91. Na4+ Kc4 92. Nb6+ Kd4 93. Na4 Rb3 94. Ka6 Kd5 95. Nb6+ Kc6 96. Na4 $1 Rb5 97. Nc3 Re5 98. Na4 $1 Re4 99. Ka5 $1 Rc4 100. Nb2 Rc2 101. Na4 Rh2 102. Kb4 $1 Rh4+ 103. Kb3 Kb5 104. Nc3+ Kc5 105. Na4+ Kd4 106. Kb4 $1 Rh8 107. Nb6 Ra8 108. Nxa8 {[%emt 0:03:30] White happily takes the draw.   Weighted Error Value: White=0.43/Black=0.46.  Loses game:     	White=1     	---        Missed win:     	---       	Black=1      Mistake:       	White=9     	Black=10     Inaccurate:     	White=5     	Black=4      OK:         	White=25    	Black=31     Best:        	White=16    	Black=6      Strong:       	White=6     	Black=6      Brilliant:      	---       	Black=1} 1/2-1/2

[Event "1000GM Summer GM-I 2024"]
[Site "San Jose"]
[Date "2024.07.05"]
[Round "3.3"]
[White "Martinez, Martin"]
[Black "Grigoryan, Karen"]
[Result "1/2-1/2"]
[ECO "B90"]
[WhiteElo "2390"]
[BlackElo "2573"]
[Annotator "RC"]
[PlyCount "98"]
[EventDate "2024.07.03"]
[EventType "tourn"]
[EventCountry "USA"]
[SourceTitle "playchess.com"]
[Source "ChessBase"]
[SourceQuality "1"]
[TimeControl "5400+30"]

1. e4 c5 2. Nf3 d6 3. Nc3 a6 4. d4 cxd4 5. Nxd4 Nf6 6. Be3 e5 7. Nde2 Ng4 8. Qd2 Nxe3 9. Qxe3 Be7 10. f4 O-O 11. O-O-O exf4 12. Nxf4 Nc6 13. Ncd5 b5 14. Be2 Be6 15. Kb1 Bxd5 16. Nxd5 Bf6 17. Rhf1 Be5 18. g3 Rb8 19. h4 a5 20. g4 Ne7 21. g5 Nxd5 22. Rxd5 b4 23. Qa7 Ra8 24. Qb7 a4 25. Bc4 Rb8 26. Qa7 Qc8 27. Qa6 Qc7 28. b3 axb3 29. cxb3 Ra8 30. Qb5 Qa7 31. Rd2 Qe3 32. Qd5 Qc3 33. a4 bxa3 34. Ka2 Ra7 35. Qd3 Qb4 36. h5 g6 37. Rdf2 gxh5 38. Qh3 Rc7 39. Qxh5 Rxc4 40. Rh1 Rc2+ 41. Rxc2 Qxe4 42. Qd1 Rb8 43. Rc4 Qg2+ 44. Rc2 Qe4 45. Rc4 Qb7 46. Qb1 Qg2+ 47. Rc2 Qf3 48. Rc7 Qg2+ 49. Rc2 Qf3 1/2-1/2

[Event "1000GM Summer GM-I 2024"]
[Site "San Jose"]
[Date "2024.07.05"]
[Round "3.4"]
[White "Sripada, Havish"]
[Black "Gumularz, Szymon"]
[Result "0-1"]
[ECO "B12"]
[WhiteElo "2290"]
[BlackElo "2587"]
[Annotator "TA"]
[PlyCount "86"]
[EventDate "2024.07.03"]
[EventType "tourn"]
[EventCountry "USA"]
[SourceTitle "playchess.com"]
[Source "ChessBase"]
[SourceQuality "1"]
[TimeControl "5400+30"]

1. e4 c6 2. d4 d5 3. e5 Bf5 4. Nf3 e6 5. Be2 Nd7 6. O-O a5 7. a4 f6 8. c4 fxe5 {[%emt 0:00:14] The position is equal.} 9. dxe5 {[%emt 0:01:58] Hoping for cxd5.} Bc5 10. cxd5 exd5 11. Nc3 (11. Bd3 $11 Bxd3 12. Qxd3) 11... Ne7 $15 12. Bd3 (12. Be3 $15) 12... O-O $17 {[%emt 0:07:41] Strongly threatening ...Bg4.} 13. Qc2 (13. e6 $17 Nf6 (13... Bxe6 14. Bxh7+ Kh8 15. Ng5 $14) 14. Ne2) 13... Bxd3 $19 14. Qxd3 Ng6 15. e6 Nde5 16. Nxe5 Nxe5 17. Qe2 (17. Qh3 $142) 17... Qf6 18. Be3 Bxe3 19. fxe3 Qxe6 20. Rxf8+ Rxf8 21. Rf1 Rxf1+ 22. Qxf1 {[%emt 0:00:55][%mdl 4096] Endgame. KQN-KQN} Nc4 23. e4 dxe4 24. Qf4 Nd6 (24... Nxb2 $2 {too greedy.} 25. Qb8+ (25. Nxe4 $2 h6 $19) 25... Kf7 26. Qxb7+ Kg6 27. Qxb2 $18) 25. Qe3 (25. Qg5 $142) 25... h6 26. h3 Qe5 {[%emt 0:01:24] Dodges Qd4} 27. b3 b5 28. g4 (28. Ne2 $142 Nf5 29. Qb6) 28... b4 29. Ne2 c5 30. Kg2 Kh7 31. h4 c4 32. Nd4 cxb3 33. Nxb3 Kg8 {[%emt 0:06:58] [#] ...Qb2+ is the strong threat.} 34. h5 (34. Nd2 $142) 34... Nc4 35. Qc1 Qc3 36. Qxc3 bxc3 {[%emt 0:00:03] KN-KN} 37. Kf2 Kf7 (37... c2 $142 38. Nc1 Kf7) 38. Ke2 c2 {[%emt 0:00:26] Black mates.} 39. Ke1 Kf6 40. Kf2 Ke5 41. Kg3 Nb2 42. g5 Nd3 43. gxh6 gxh6 {[%emt 0:00:02] Black took control after the opening.   Weighted Error Value: White=0.58/Black=0.21 (precise) .  Mistake:       	White=6     	---        Inaccurate:     	White=2     	Black=1      OK:         	White=5     	Black=16     Best:        	---       	Black=2} (43... c1=B $2 {loses.} 44. hxg7 (44. Nxa5 $2 Bf4+ 45. Kg2 gxh6 $19) 44... Nf4 45. g8=Q $18 (45. g8=B Nxh5+ 46. Kg2 Nf6 $11)) 0-1

[Event "1000GM Summer GM-I 2024"]
[Site "San Jose"]
[Date "2024.07.05"]
[Round "3.5"]
[White "Lu, Maximillian"]
[Black "Arenas, David"]
[Result "1-0"]
[ECO "E18"]
[WhiteElo "2380"]
[BlackElo "2357"]
[Annotator "TA"]
[PlyCount "115"]
[EventDate "2024.07.03"]
[EventType "tourn"]
[EventCountry "USA"]
[SourceTitle "playchess.com"]
[Source "ChessBase"]
[SourceQuality "1"]
[TimeControl "5400+30"]

1. d4 Nf6 2. Nf3 e6 3. g3 b6 4. Bg2 Bb7 5. O-O Be7 6. c4 O-O 7. Nc3 a5 8. d5 Na6 (8... Bb4 $11 {remains equal.}) 9. Ne5 (9. e4 $16) 9... exd5 $1 $11 {[%emt 0:02:56] The position is equal.} 10. cxd5 d6 11. Nf3 Nc5 12. Nd4 Nfd7 13. Qc2 Bf6 14. Rd1 Re8 15. b3 g6 (15... Ba6 $14) 16. Bb2 Qe7 17. Ncb5 Rec8 (17... Rac8 $142) 18. Rac1 Bg7 19. a3 Nf6 20. Nc3 ({Better is} 20. e4) 20... Ng4 21. h3 Nf6 (21... Ne3 $2 22. fxe3 Qxe3+ 23. Kh2 $18) 22. b4 Na6 23. Qb3 h5 24. Rc2 Qd7 25. Ncb5 Qe8 26. Rc3 ({White should play} 26. e4 $18) 26... Qd7 27. Rdc1 {[%emt 0:00:28] White is more active.} Ne8 28. R3c2 Nf6 29. Nc6 Bxc6 30. Rxc6 Ne8 31. Bxg7 Kxg7 32. Nd4 Kg8 {[%emt 0:01:27] Black is weak on the light squares} 33. e4 Nb8 34. R6c2 Qe7 35. f4 Qf6 36. Qe3 axb4 37. axb4 Ra4 38. Rc4 (38. e5 $18 Qe7 39. e6) 38... Nd7 $16 39. Nc6 Rca8 40. e5 Qg7 41. Re4 {[%emt 0:01:23][%cal Bc4e4,Be4e5,Be5g5][%mdl 32] And now e6 would win.} Nb8 42. Ne7+ Kh7 (42... Kf8 $142 43. Rec4 h4) 43. f5 $18 {[%emt 0:01:22] e6 would now be deadly.} dxe5 44. fxg6+ (44. Rxe5 $6 Nd7 45. fxg6+ fxg6) 44... fxg6 45. Rxe5 Ra3 $2 (45... Nd7 46. Re6 Ra3) 46. Qg5 $2 (46. Rxh5+ gxh5 47. Qe4+ Kh8 48. Ng6+ Kh7 49. Nh4+ (49. Qxe8 $2 Nd7 $19) 49... Kg8 50. Nf5 (50. Qxe8+ Qf8 $18)) 46... Ra1 $2 (46... Nd7 47. Qxh5+ gxh5 48. Rxh5+ Qh6 49. Be4+ (49. Rxh6+ $2 {is the wrong capture.} Kxh6 50. Kh2 Ra2 $19) 49... Kg7 50. Nf5+ (50. Rxh6 $2 {too greedy.} Kxh6 51. Kg2 Ra2+ 52. Kh1 Ra1 $19) 50... Kf8 51. Rxh6 (51. Nxh6 Nef6 $16) 51... Ndf6) 47. Rxa1 $2 (47. Nxg6 Rxc1+ 48. Qxc1) 47... Rxa1+ 48. Kh2 {[%emt 0:00:01][%cal Oe7g6] Nxg6! would kill now.} Qf6 {[%emt 0:02:48] [#]} 49. Nxg6 $1 {[%emt 0:01:41][%mdl 512] Intending Re7+ and mate.} Qxg5 50. Rxg5 Kh6 51. h4 Nd7 {[%emt 0:00:30] Inhibits Nf8.} 52. Nf4 Nef6 {[%emt 0:00:30] Inhibits Be4.} 53. Bf3 {[%emt 0:00:30][%cal Rf3h5] Inhibits Ng4+.} Rb1 54. Bxh5 {[%emt 0:00:30] Strongly threatening Bg6.} Rxb4 55. Bg6 {[%emt 0:00:30] Threatens to win with Kh3.} b5 $2 (55... Ne5 $16 56. Kh3 (56. Rxe5 $2 {loses.} Ng4+ 57. Kh3 Nxe5 $19) 56... Rxf4 57. Rxe5 Rd4) 56. Kh3 {[%emt 0:00:30] White is clearly winning.} Nf8 57. Bf5 {[%emt 0:00:30] Black must now prevent Ne6.} Rd4 58. Ne6 {[%emt 0:00:30] Weighted Error Value: White=0.33/Black=0.34.  Loses game:     	---       	Black=1      Mistake:       	White=5     	Black=6      Inaccurate:     	White=4     	Black=4      OK:         	White=22    	Black=8      Best:        	White=3     	Black=2      Strong:       	---       	Black=1      Brilliant:      	White=1     	---} 1-0